 Dungeon Crawl Stone Soup version 0.27-a0-652-g2d5cf1dcd3 (webtiles) character file.

Game seed: 8055172838276828699

1057 Ijustatesigmund the Chopper (level 8, 0/64 HPs)
             Began as a Demonspawn Fighter on Mar 16, 2021.
             Slain by Duvessa
             ... wielding a +6 rapier of speed
              (6 damage)
             ... on level 4 of the Dungeon.
             The game lasted 00:08:28 (3837 turns).

Ijustatesigmund the Chopper (Demonspawn Fighter)    Turns: 3837, Time: 00:08:29

Health: 0/64       AC: 18    Str: 17    XL:     8   Next: 6%
Magic:  8/8        EV:  5    Int: 12    God:
Gold:   252        SH:  9    Dex: 14    Spells: 7/7 levels left

rFire    + . .     SeeInvis .   a - +0 war axe
rCold    . . .     Faith    .   c - +0 kite shield
rNeg     . . .     Spirit   .   b - +2 chain mail {rPois}
rPois    +         Reflect  .   (no helmet)
rElec    .         Harm     .   (no cloak)
rCorr    .         Rampage  .   (no gloves)
Will     .....                  (no boots)
Stlth    ..........             (no amulet)
HPRegen  0.20/turn              n - +4 ring of protection
MPRegen  0.11/turn              (no ring)

@: mighty
A: talons 1, thin metallic scales 2, powered by death 1, demonic magic 1, clever
1, fire resistance 1, wild magic 1
a: no special abilities


You were on level 4 of the Dungeon.
You visited 1 branch of the dungeon, and saw 5 of its levels.

You collected 252 gold pieces.

Inventory:

Hand Weapons
 a - a +0 war axe (weapon)
Armour
 b - a +2 chain mail of poison resistance (worn)
 c - a +0 kite shield (worn)
Jewellery
 n - a +4 ring of protection (right hand)
Wands
 i - a wand of flame (22)
 m - a wand of random effects (12)
 p - a wand of acid (7)
Scrolls
 h - a scroll of blinking
 j - 2 scrolls of teleportation
 o - 2 scrolls of amnesia
Potions
 e - a potion of lignification
 f - a potion of mutation
 g - a potion of curing
 k - a potion of brilliance
 l - a potion of attraction {unknown}
 q - a potion of heal wounds


   Skills:
 + Level 5.8 Fighting
 + Level 5.8 Axes
 + Level 4.2 Armour
 - Level 2.9 Dodging
 - Level 2.6 Shields


You had 7 spell levels left.
You didn't know any spells.
Your spell library was empty.

Dungeon Overview and Level Annotations

Branches:
Dungeon (5/15)
 Temple: D:4-7

Altars:
Zin

Annotations:
D:4 Duvessa


Innate Abilities, Weirdness & Mutations

You have sharp toenails.
You are mostly covered in thin metallic scales. (AC +3)
You regenerate a little health from kills.
Spells you cast may paralyse adjacent enemies.
Your mind is acute. (Int +2)
Your flesh is heat resistant. (rF+)
Your spells are a little harder to cast, but a little more powerful.


Message History

You block the scorpion's attack. x2
You slash the scorpion!
You kill the scorpion!
You have reached level 8!
You feel stronger.
p - a wand of acid (7) Duvessa and Dowan come into view.
Duvessa is wielding a +6 rapier of speed and wearing a +1 leather armour of poison resistance.
Dowan is wielding a +0 dagger of holy wrath and wearing a +2 robe of resistance.
Duvessa shouts!
Dowan shouts!
You see here a potion of heal wounds.
q - a potion of heal wounds Dowan says, "Stay away from my face!"
Dowan gestures wildly while chanting.
Dowan blinks!
You slash Dowan!
Dowan is moderately wounded.
Dowan barely misses you. You block Dowan's attack.
You slash Dowan! You claw Dowan, but do no damage.
Dowan is severely wounded.
You hit Duvessa but do no damage. You block Duvessa's attack.
Dowan hits you with a +0 dagger of holy wrath.
You convulse.
You hit Dowan.
You kill Dowan!
Duvessa weeps, then rights herself and shakes her weapon.
Duvessa goes berserk!
Your shield and chain mail prevent you from hitting Duvessa.
Duvessa hits you with a +6 rapier of speed!
Duvessa hits you but does no damage.
Duvessa hits you with a +6 rapier of speed!
You block Duvessa's attack.
You feel very mighty all of a sudden.
Duvessa hits you with a +6 rapier of speed!!
Duvessa hits you with a +6 rapier of speed.
You barely miss Duvessa. You claw Duvessa!
Duvessa is moderately wounded.
Duvessa hits you with a +6 rapier of speed!
* * * LOW HITPOINT WARNING * * *
Duvessa hits you with a +6 rapier of speed.
You die...

.#.##.# #..#
......# #..#
#.. ...####
#..# #.# #.##
#..# #.# #
#.# #..# #.#
.# #.# #..##
#.##.# ..#
#.#.## #.^..#
###
#†###.####e.#
# #.#
##..)@.?# ##
#.####.## #..
..# #.## ####
##


You could see Duvessa (berserk).

Vanquished Creatures
  Pikel (D:5)
  Grinder (D:3)
  A phantom (D:4)
  2 lemures (D:4)
  A scorpion (D:4)
  Dowan (D:4)
  A hound (D:5)
  Jessica (D:2)
  An orc wizard (D:4)
  Terence (D:3)
  5 adders
  An adder skeleton (D:5)
  5 worms
  3 dart slugs
  A leopard gecko (D:3)
  8 orcs
  5 goblins
  6 hobgoblins
  3 jackals (D:3)
  5 kobolds
  2 quokkas
  2 ball pythons
  7 bats
  2 frilled lizards (D:2)
  11 rats
77 creatures vanquished.

Notes
Turn   | Place    | Note
-------+----------+-------------------------------------------
     0 | D:1      | Ijustatesigmund the Demonspawn Fighter began the quest for
                  | the Orb.
     0 | D:1      | Reached XP level 1. HP: 18/18 MP: 1/1
   532 | D:1      | Gained mutation: You are partially covered in thin metallic
                  | scales. (AC +2) [demonic ancestry]
   532 | D:1      | Reached XP level 2. HP: 24/24 MP: 2/2
  1097 | D:2      | Reached skill level 1 in Dodging
  1097 | D:2      | Gained mutation: Spells you cast may paralyse adjacent
                  | enemies. [demonic ancestry]
  1097 | D:2      | Reached XP level 3. HP: 29/29 MP: 3/3
  1586 | D:2      | You fall into a shaft and drop 2 floors!
  1657 | D:4      | Gained mutation: You have sharp toenails. [demonic
                  | ancestry]
  1657 | D:4      | Reached XP level 4. HP: 35/35 MP: 4/4
  1659 | D:4      | Identified the +7 rapier of Resumed Hostilities {flame,
                  | Dex+4}
  1720 | D:4      | Noticed a lemure
  1720 | D:4      | Noticed a lemure
  1720 | D:4      | Noticed a lemure
  1720 | D:4      | Noticed Pikel
  1752 | D:4      | Killed a lemure
  1765 | D:4      | Killed a lemure
  1864 | D:4      | Noticed a phantom
  1908 | D:4      | Killed a phantom
  1909 | D:4      | Reached XP level 5. HP: 34/42 MP: 5/5
  2079 | D:3      | Noticed Terence
  2109 | D:3      | Noticed Grinder
  2120 | D:3      | Paralysed by Grinder for 2 turns
  2139 | D:3      | Killed Grinder
  2140 | D:3      | Gained mutation: You are mostly covered in thin metallic
                  | scales. (AC +3) [demonic ancestry]
  2140 | D:3      | Reached XP level 6. HP: 8/49 MP: 6/6
  2483 | D:3      | Killed Terence
  2670 | D:3      | Gained mutation: Your flesh is heat resistant. (rF+)
                  | [potion of mutation]
  2670 | D:3      | Gained mutation: Your mind is acute. (Int +2) [potion of
                  | mutation]
  2670 | D:3      | Gained mutation: Your spells are a little harder to cast,
                  | but a little more powerful. [potion of mutation]
  2940 | D:2      | Noticed Jessica
  2953 | D:2      | Killed Jessica
  3253 | D:5      | Entered Level 5 of the Dungeon
  3518 | D:5      | Killed Pikel
  3519 | D:5      | Reached skill level 5 in Fighting
  3519 | D:5      | Reached skill level 5 in Axes
  3519 | D:5      | Gained mutation: You regenerate a little health from kills.
                  | [demonic ancestry]
  3519 | D:5      | Reached XP level 7. HP: 35/56 MP: 7/7
  3787 | D:4      | Reached XP level 8. HP: 57/64 MP: 8/8
  3829 | D:4      | Noticed Duvessa
  3829 | D:4      | Noticed Dowan
  3835 | D:4      | Killed Dowan
  3837 | D:4      | Slain by Duvessa

Illustrated notes

Levels and vault maps discovered:
D:1:      lightli_arrival_noodles, layout_loops_cross
D:2:      layout_rooms, amcnicky_mini_corridor_feature, minmay_ruptured,
          uniq_jessica
D:3:      layout_rooms, nicolae_overflow_hidden_temple, minmay_statues_item,
          kennysheep_generic_room_12, uniq_terence, uniq_grinder
D:4:      layout_loops_ring, minitemple, uniq_pikel, uniq_duvessa
D:5:      layout_loops_ring, minmay_lizard_king

Skill      XL: |  1  2  3  4  5  6  7 |
---------------+----------------------+-----
Axes           | 2 3 4 5 |  5.8
Dodging        | 1 2 |  2.9
Fighting       | 4 5 |  5.8
Armour         | 3 4 |  4.2
Shields        | |  2.6

Action                   |  1- 3 |  4- 6 |  7- 9 || total
-------------------------+-------+-------+-------++-------
Melee: War axe           |    82 |   149 |    34 ||   265
       Kick              |       |    40 |    14 ||    54
  Use: Scroll            |     4 |     6 |       ||    10
       Potion            |       |     8 |     1 ||     9
Armor: Scale mail        |    37 |    83 |       ||   120
       Chain mail        |       |    24 |    19 ||    43
Dodge: Dodged            |    15 |    49 |     6 ||    70
Block: Kite shield       |    36 |    87 |    19 ||   142

Table legend: (Time is in decaauts)
 A = Elapsed time spent in this place.
 B = Non-inter-level travel time spent in this place.
 C = Inter-level travel time spent in this place.
 D = Time resting spent in this place.
 E = Time spent auto-exploring this place.
 F = Levels seen in this place.
 G = Mean time per level.
                   A        B        C        D        E       F      G
               +--------+--------+--------+--------+--------+-----+--------+
         Total |   3996 |   3921 |     75 |   1004 |   2163 |   5 |  799.2 |
       Dungeon |   3996 |   3921 |     75 |   1004 |   2163 |   5 |  799.2 |
               +--------+--------+--------+--------+--------+-----+--------+

Top non-repeatable levels by time:
     D:1: 1015 daAuts
     D:3: 958 daAuts
     D:4: 930 daAuts
     D:2: 813 daAuts
     D:5: 278 daAuts
